 Dungeon Crawl Stone Soup version 0.32-a0-871-ge202e49faa (webtiles) character file.

Game seed: 16575226458406155832

15217 runemasterragnar the Skirmisher (level 12, -22/92 HPs)
             Began as a Coglin Hunter on Mar 29, 2024.
             Was a High Priest of Okawaru.
             Annihilated by a shadow (26 damage)
             ... on level 10 of the Dungeon.
             The game lasted 00:20:12 (11794 turns).

runemasterragnar the Skirmisher (Coglin Hunter)    Turns: 11794, Time: 00:20:12

Health: -22/92     AC:  6    Str: 13    XL:     12   Next: 24%
Magic:  15/16      EV: 15    Int:  8    God:    Okawaru [*****.]
Gold:   722        SH:  0    Dex: 22    Spells: 12/17 levels left

rFire   . . .        B - +8 hand cannon (heavy) {Necuametl}
rCold   . . .        a - +2 sling {Vikramjeet}
rNeg    . . .        C - +0 steam dragon scales
rPois   .            (no helmet)
rElec   .            (no cloak)
rCorr   .            b - +0 pair of gloves
SInv    .            (no boots)
Will    .....        (amulet unavailable)
Stlth   ++++         (ring unavailable)
HPRegen 0.35/turn    (ring unavailable)
MPRegen 0.15/turn    (no gizmo)

%: no passive effects
@: on blink cooldown, revving
A: off-hand wielding, slow wielding, warmup strikes, no jewellery
a: Invent Gizmo, Renounce Religion, Heroism, Finesse, Duel


You were on level 10 of the Dungeon.
You worshipped Okawaru.
Okawaru was extremely pleased with you.
You visited 2 branches of the dungeon, and saw 11 of its levels.
You also visited: Sewer and Bailey.

You collected 722 gold pieces.

Inventory:

Hand Weapons
 a - a +2 sling (offhand) {Vikramjeet}
 d - a +0 sling {Numeria}
 i - the +5 woodcutter's axe
   (You found it on level 3 of the Dungeon)
 u - the +10 hand axe of Gasene {pain, rPois Will+++ Str-2}
   (You found it on level 3 of the Dungeon)

   Str-2:     It affects your strength (-2).
   rPois:     It protects you from poison.
   Will+++:   It greatly increases your willpower.
 B - a +8 heavy hand cannon (weapon) {Necuametl}
Missiles
 t - 2 throwing nets
Armour
 b - a +0 pair of gloves (worn)
 g - the +1 ring mail of Shielding {Str+3 Dex+4 Stlth+}
   (You found it on level 6 of the Dungeon)

   Str+3:     It affects your strength (+3).
   Dex+4:     It affects your dexterity (+4).
   Stlth+:    It makes you more stealthy.
 o - the +4 ring mail of the Enchanted Forest {rF+}
   (You found it on level 2 of the Dungeon)

   rF+:       It protects you from fire.
 p - the +5 robe of Misfortune {Harm *Corrode *Slow EV+5}
   (You found it on level 3 of the Dungeon)

   EV+5:      It affects your evasion (+5).
   *Corrode:  It may corrode you when you take damage.
   *Slow:     It may slow you when you take damage.
   Harm:      It increases damage dealt and taken.
 z - +0 pearl dragon scales
 C - +0 steam dragon scales (worn)
 E - a +1 helmet
 H - a +3 leather armour
 J - the +3 hat of Pondering {ponderous, Will+ MP+10 Int+5}
   (You took it off Gastronok on level 8 of the Dungeon)

   Int+5:     It affects your intelligence (+5).
   Will+:     It increases your willpower.
   MP+10:     It affects your magic capacity (+10).
Talismans
 v - a talisman of death
Wands
 c - a wand of quicksilver (2)
 n - a wand of charming (10)
 L - a wand of roots (2)
Scrolls
 e - 3 scrolls of summoning {unknown}
 f - 3 scrolls of blinking {unknown}
 h - a scroll of silence
 j - 3 scrolls of teleportation {unknown}
 k - 3 scrolls of vulnerability
 m - 3 scrolls of noise
 x - a scroll of immolation
 y - a scroll of fear {unknown}
 A - a scroll of brand weapon {unknown}
 I - 2 scrolls of identify
Potions
 l - 3 potions of magic
 r - 2 potions of attraction {unknown}
 s - 3 potions of invisibility {unknown}
 w - 4 potions of might
 D - a potion of haste {unknown}
 F - a potion of enlightenment {unknown}
 G - a potion of brilliance {unknown}
 K - 2 potions of curing
 M - a potion of lignification


   Skills:
 + Level 8.1 Fighting
 * Level 10.9 Ranged Weapons
 + Level 6.3 Dodging
 + Level 5.8 Stealth
 - Level 3.1 Spellcasting
 - Level 6.0 Translocations
 + Level 4.0 Invocations
 + Level 8.1 Evocations


You had 12 spell levels left.
You knew the following spells:

 Your Spells              Type           Power      Damage    Failure   Level
a - Blink                 Tloc           20%        N/A       4%          2
b - Teleport Other        Tloc           10%        N/A       9%          3

Your spell library contained the following spells:

 Spells                   Type           Power      Damage    Failure   Level
 Lesser Beckoning         Tloc           20%        N/A       4%          2
 Momentum Strike          Conj/Tloc      12%        3d8       14%         2
 Maxwell's Portable Pile  Tloc           10%        2d(7-13)  26%         4
 Magic Dart               Conj           4%         1d3       32%         1
 Sandblast                Erth           2%         2d4       32%         1
 Searing Ray              Conj           2%         2d4       43%         2
 Stone Arrow              Conj/Erth      2%         3d7       67%         3
 Brom's Barrelling Bould  Conj/Erth      1%         2d3       97%         4
 Cause Fear               Hex            0%         N/A       97%         4
 Fulminant Prism          Conj/Alch      0%         3d5       97%         4
 Permafrost Eruption      Ice/Erth       0%         2x4d2     100%        6


Dungeon Overview and Level Annotations

Branches:
Dungeon (10/15)            Temple (1/1) D:6            Lair (0/5) D:8
  Sewer (visited)          Bailey (visited)
    Orc: D:9-12

Altars:
Ashenzari
Cheibriados
Dithmenos
Elyvilon
Fedhas
Gozag
Hepliaklqana
Kikubaaqudgha
Makhleb
Nemelex Xobeh
Okawaru
Qazlal
Ru
Sif Muna
Trog
Uskayaw
Vehumet
Wu Jian
Xom
Yredelemnul
Zin
The Shining One

Shops:
D:2 [   D:8 =

Annotations:
D:9 2 transporters, runemasterragnar's ghost, novice CoHu


Innate Abilities, Weirdness & Mutations

You can wield a second weapon in your off-hand.
It takes a long time for you to wield or remove held weapons.
Your first few attacks do less damage.
You cannot equip rings or amulets.


Message History

You shoot a slug.
The slug completely misses the acid dragon.
The slug hits the kobold!!!
You kill the kobold!
You shoot a sling bullet.
The sling bullet closely misses the acid dragon.
The kobold hits you but does no damage. The acid dragon bites you!
* * * LOW HITPOINT WARNING * * *
The acid dragon closely misses you.
Unknown command.
Okay, then.
Casting: Blink (safe; 4% risk of failure)
Confirm with . or Enter, or press ? or * to list all spells.
You blink.
Fire: B) +8 hand cannon (heavy) {Necuametl}
Press: ? - help, Q - select action, (/) - cycle Shift-Dir - straight line, f/p - acid dragon
Aim: an acid dragon (magical condensation, lightly wounded, 76% to hit)
Okay, then.
Okay, then.
As you read the scroll of fog, it dissolves into smoke.
You feel less fragile. The acid dragon spits acid at you.
The splash of acid hits something!!
The shadow strikes at you from the darkness!
* * * LOW HITPOINT WARNING * * *
Reactivating autopickup.
The shadow slips into darkness.
The shadow flickers and vanishes!
Deactivating autopickup; reactivate with Ctrl-A.
Okay, then.
Okay, then.
Okay, then.
Okay, then.
Okay, then.
Search for what [Enter for "."]? wounds Can't find anything matching that.
Okay, then.
Okay, then.
The shadow strikes at you from the darkness!
You die...

# #......#..# #...#####.# #
#......#..# #...# #.#
#####......#..# +...+ #.#
...........#..# #...# #.####
...#+###...#.. #...# +....#
...#...'...#..#####...# #.|..#
...#...#...#.....§§§§§#####....#
...#...#...#.....§§§§§§DK......#
.<.#####...#....@§§§§§###'#....#
...........#..######§§#...#.####
...........# #..#...#.#
''####.....# #..#...#.#
.....#.....+ #..#...#.#
.....###...# #))#...#.#
..(....##### #.)#...#.# ........
#..##+## #.......


There were no monsters in sight!

Vanquished Creatures
  Gastronok (D:8)
  2 vault guards (Bailey)
  Erica (D:8)
  2 two-headed ogres (D:10)
  A manticore (D:6)
  Joseph (D:8)
  Jeremiah (D:8)
  A rime drake (D:8)
  A kobold demonologist (D:10)
  A troll (D:9)
  A hornet (D:7)
  A polar bear (D:8)
  A blink frog (Bailey)
  Prince Ribbit (D:5)
  11 yaks
  A shadow (D:10)
  4 humans (Bailey)
  2 steam dragons
  Menkaure (D:6)
  An acid dragon (D:9)
  Duvessa (D:7)
  A sky beast (D:6)
  10 ice beasts
  An orc warrior (D:7)
  A black bear (D:6)
  3 ogres
  3 wolves (D:8)
  2 phantoms
  2 crocodiles (Sewer)
  4 centaurs
  10 bullfrogs
  12 kobold brigands
  2 gnoll sergeants
  Blork the orc (D:6)
  A scorpion (D:5)
  4 wights (D:9)
  Dowan (D:7)
  7 killer bees
  2 howler monkeys
  2 bombardier beetles (D:3)
  2 jellies (D:5)
  5 orc priests
  2 hounds (D:5)
  2 gnoll boudas
  A sleepcap (D:6)
  Jessica (D:3)
  7 orc wizards
  3 iguanas
  Robin (D:3)
  20 gnolls
  12 adders
  6 river rats
  4 dart slugs
  3 ribbon worms
  24 orcs
  15 ball pythons
  5 endoplasms
  7 giant cockroaches
  23 goblins
  10 hobgoblins
  5 jackals
  42 kobolds
  7 quokkas
  6 bats
  3 frilled lizards
  12 rats
334 creatures vanquished.

Notes
Turn   | Place    | Note
-------+----------+-------------------------------------------
     0 | D:1      | runemasterragnar the Coglin Hunter began the quest for the
                  | Orb.
     0 | D:1      | Reached XP level 1. HP: 16/16 MP: 1/1
    80 | D:1      | Reached skill level 1 in Stealth
    80 | D:1      | Reached XP level 2. HP: 11/22 MP: 2/2
   882 | D:2      | Reached skill level 4 in Ranged Weapons
   882 | D:2      | Reached XP level 3. HP: 27/27 MP: 3/3
  1302 | D:2      | Identified the +4 ring mail of the Enchanted Forest {rF+}
  1349 | D:2      | Learned a level 2 spell: Blink
  1492 | D:2      | Found Cukoipse's Antique Armour Shoppe.
  1532 | D:2      | Reached XP level 4. HP: 27/34 MP: 4/4
  2242 | D:3      | Found the +5 robe of Misfortune {Harm *Corrode *Slow EV+5}
  2283 | D:3      | Reached skill level 1 in Translocations
  2320 | D:3      | Reached XP level 5. HP: 25/39 MP: 5/5
  2495 | D:3      | Found an ornate altar of the Wu Jian Council.
  2530 | D:3      | Found a radiant altar of Vehumet.
  2569 | D:3      | Noticed Robin
  2593 | D:3      | Killed Robin
  2787 | D:3      | Noticed Jessica
  2807 | D:3      | Killed Jessica
  2808 | D:3      | Reached skill level 1 in Spellcasting
  2888 | D:3      | Found the +5 woodcutter's axe
  2913 | D:3      | Reached skill level 5 in Ranged Weapons
  2913 | D:3      | Reached XP level 6. HP: 31/47 MP: 7/7
  3149 | D:3      | Identified the +10 hand axe of Gasene {pain, rPois Will+++
                  | Str-2}
  4108 | D:4      | Reached XP level 7. HP: 38/52 MP: 9/9
  4208 | D:4      | Got Sif Muna's Anthology of Lapidary Interference
  4443 | D:5      | Entered Level 5 of the Dungeon
  4621 | D:5      | Found a glowing drain.
  4625 | Sewer    | Entered a sewer
  4786 | Sewer    | Reached skill level 6 in Ranged Weapons
  4786 | Sewer    | Reached XP level 8. HP: 42/60 MP: 11/11
  5195 | Sewer    | Reached skill level 5 in Translocations
  5889 | D:5      | Noticed Prince Ribbit
  6446 | D:5      | Identified a scroll of acquirement
  6447 | D:5      | Acquired a +1 heavy hand cannon
  6473 | D:5      | Killed Prince Ribbit
  6474 | D:5      | Reached skill level 7 in Ranged Weapons
  6474 | D:5      | Reached XP level 9. HP: 66/66 MP: 13/13
  6697 | D:6      | Noticed Blork the orc
  6699 | D:6      | Killed Blork the orc
  6700 | D:6      | Reached skill level 1 in Evocations
  6830 | D:6      | Noticed Menkaure
  6831 | D:6      | Killed Menkaure
  6832 | D:6      | Reached skill level 5 in Fighting
  6971 | D:6      | Identified the +4 short sword "Ogre's Nightmare" {flame,
                  | rF+ Str-3 Dex+6}
  7047 | D:6      | Noticed a manticore
  7050 | D:6      | Killed a manticore
  7051 | D:6      | Reached skill level 8 in Ranged Weapons
  7101 | D:6      | Found a staircase to the Ecumenical Temple.
  7134 | D:6      | Identified the +1 ring mail of Shielding {Str+3 Dex+4
                  | Stlth+}
  7769 | D:7      | Reached XP level 10. HP: 76/76 MP: 14/14
  8275 | Temple   | Entered the Ecumenical Temple
  8292 | Temple   | Became a worshipper of Warmaster Okawaru
  8660 | D:7      | Noticed Dowan
  8661 | D:7      | Noticed Duvessa
  8665 | D:7      | Killed Duvessa
  8666 | D:7      | Killed Dowan
  8735 | D:7      | Learned a level 3 spell: Teleport Other
  9182 | D:8      | Noticed Joseph
  9185 | D:8      | Killed Joseph
  9186 | D:8      | Reached skill level 5 in Evocations
  9202 | D:8      | Found a flagged portal.
  9208 | Bailey   | Entered a bailey
  9229 | Bailey   | Reached skill level 1 in Invocations
  9238 | Bailey   | Reached skill level 9 in Ranged Weapons
  9238 | Bailey   | Reached * piety under Okawaru
  9340 | Bailey   | Reached ** piety under Okawaru
  9528 | Bailey   | Noticed a vault guard
  9534 | Bailey   | Killed a vault guard
  9539 | Bailey   | Reached XP level 11. HP: 61/83 MP: 13/15
  9546 | Bailey   | Noticed a vault guard
  9559 | Bailey   | Killed a vault guard
  9560 | Bailey   | Reached skill level 5 in Dodging
  9729 | D:8      | Found Ygokecab's Jewellery Shop.
  9800 | D:8      | Noticed Erica
  9804 | D:8      | Killed Erica
  9811 | D:8      | Reached *** piety under Okawaru
  9819 | D:8      | Noticed Jeremiah
 10100 | D:8      | Found a staircase to the Lair.
 10151 | D:8      | Reached skill level 10 in Ranged Weapons
 10204 | D:8      | Noticed Gastronok
 10213 | D:8      | Killed Gastronok
 10213 | D:8      | Reached **** piety under Okawaru
 10214 | D:8      | Reached skill level 5 in Stealth
 10385 | D:8      | Killed Jeremiah
 10860 | D:9      | Found a transporter.
 10872 | D:9      | Noticed a moth of wrath
 10872 | D:9      | Noticed a deep troll
 10875 | D:9      | Noticed runemasterragnar's ghost (novice CoHu)
 10877 | D:9      | Found a bloodstained altar of Trog.
 10897 | D:9      | Found a transporter.
 10917 | D:9      | Noticed a two-headed ogre
 11282 | D:10     | Entered Level 10 of the Dungeon
 11400 | D:10     | Reached ***** piety under Okawaru
 11535 | D:10     | Noticed a two-headed ogre
 11539 | D:10     | Killed a two-headed ogre
 11540 | D:10     | Reached XP level 12. HP: 92/92 MP: 16/16
 11719 | D:10     | Noticed a two-headed ogre
 11721 | D:10     | Killed a two-headed ogre
 11781 | D:10     | Received a gift from Okawaru
 11790 | D:10     | HP: 3/92 [something (19)]
 11794 | D:10     | Annihilated by a shadow

Illustrated notes

Levels and vault maps discovered:
D:1:      dreamdust_arrival_sigmund_warning, layout_loops_ring, serial_rivers,
          chequers_serial_rivers_small_a, chequers_serial_rivers_room_b,
          chequers_serial_rivers_room_b, chequers_serial_rivers_micro_e,
          chequers_serial_rivers_room_b
D:2:      layout_basic, serial_shops, shop, serial_rivers,
          chequers_serial_rivers_small_3, chequers_serial_rivers_small_a,
          chequers_serial_rivers_large_a, chequers_serial_rivers_micro_c,
          chequers_serial_rivers_small_3, minmay_increasing_density
D:3:      layout_loops_ring, mainiacjoe_overflow_two_lobes,
          minmay_misc_feat_diagonals, pf_guarded_unrand_woodcutter, uniq_robin,
          uniq_jessica
D:4:      layout_gridville
D:5:      corexii_shack_village, layout_loops_ring, gup_sewer_entry_spiral,
          uniq_prince_ribbit1
D:6:      layout_loops_ring, minmay_temple_entry_ruins, kennysheep_flooded_box,
          uniq_blork_the_orc, uniq_menkaure
D:7:      layout_layer_cave, corexii_hall_statues_x, uniq_duvessa
D:8:      nicolae_whirlpool, layout_loops_ring, hellmonk_lair_entry_icy,
          enter_bailey_3, serial_shops, shop, uniq_erica, uniq_gastronok,
          uniq_joseph, uniq_jeremiah
D:9:      layout_roguey, gammafunk_ghost_wrathful_warriors
D:10:     layout_irregular_city
Temple:   nicolae_temple_bog_church

Skill      XL: |  1  2  3  4  5  6  7  8  9 10 11 12 |
---------------+-------------------------------------+-----
Stealth        | 1 3 4 5 |  5.8
Dodging        | 2 3 4 6 |  6.3
Ranged Weapons | 4 5 6 7 8 9 10 | 10.9
Translocations | 1 2 3 4 6 |  6.0
Spellcasting   | 1 2 3 |  3.1
Fighting       | 3 4 5 6 7 8 |  8.1
Evocations     | 3 6 7 8 |  8.1
Invocations    | 2 3 4 |  4.0

Action                     |  1- 3 |  4- 6 |  7- 9 | 10-12 || total
---------------------------+-------+-------+-------+-------++-------
   Fire: Sling             |   146 |   310 |   582 |   267 ||  1305
         Hand cannon       |       |       |    66 |   267 ||   333
   Cast: Blink             |       |       |       |     3 ||     3
 Invoke: Heroism           |       |       |       |     2 ||     2
  Evoke: Wand              |       |       |     1 |     2 ||     3
    Use: Scroll            |     1 |     5 |     8 |     8 ||    22
         Potion            |       |     3 |     2 |     1 ||     6
 Armour: Leather armour    |    30 |    25 |    57 |       ||   112
         Skin              |       |    12 |    47 |       ||    59
         Steam dragon scal |       |       |       |   102 ||   102
  Dodge: Dodged            |    21 |    19 |    97 |   117 ||   254

Table legend: (Time is in decaauts)
 A = Elapsed time spent in this place.
 B = Non-inter-level travel time spent in this place.
 C = Inter-level travel time spent in this place.
 D = Time resting spent in this place.
 E = Time spent auto-exploring this place.
 F = Levels seen in this place.
 G = Mean time per level.
                   A        B        C        D        E       F      G
               +--------+--------+--------+--------+--------+-----+--------+
         Total |  12385 |  11982 |    403 |   1560 |   8036 |  13 |  952.7 |
       Dungeon |  10553 |  10183 |    370 |   1313 |   7171 |  10 | 1055.3 |
        Temple |     34 |      1 |     33 |      0 |      0 |   1 |   34.0 |
         Sewer |   1264 |   1264 |      0 |      0 |    751 |   1 | 1264.0 |
        Bailey |    533 |    533 |      0 |    247 |    113 |   1 |  533.0 |
               +--------+--------+--------+--------+--------+-----+--------+

Top non-repeatable levels by time:
     D:7: 1617 daAuts
     D:3: 1591 daAuts
     D:2: 1392 daAuts
     D:5: 1279 daAuts
   Sewer: 1264 daAuts
     D:8: 1135 daAuts
     D:6: 910 daAuts
     D:1: 861 daAuts
     D:4: 682 daAuts
     D:9: 544 daAuts
    D:10: 537 daAuts
  Bailey: 533 daAuts
  Temple: 34 daAuts
